 Dungeon Crawl Stone Soup version 0.23.2 (webtiles) character file.

Game seed: 11801751347971674562

196 Borgoz the Skirmisher (level 6, -2/39 HPs)
             Began as a Kobold Fighter on Apr 12, 2019.
             Slain by Pikel
             ... wielding a +0 whip of freezing
              (6 damage)
             ... on level 5 of the Dungeon.
             The game lasted 00:04:44 (2499 turns).

Borgoz the Skirmisher (Kobold Fighter)              Turns: 2499, Time: 00:04:47

Health: -2/39      AC:  6    Str: 12 (14) XL:     6   Next: 4%
Magic:  6/6        EV:  9    Int:  6 (9)  God:
Gold:   84         SH:  8    Dex: 14 (16) Spells: 5/5 levels left

rFire    . . .     SeeInvis .   h - +0 short sword (freeze)
rCold    . . .     Gourm    .   c - +0 shield
rNeg     . . .     Faith    .   b - +0 scale mail
rPois    .         Spirit   .   (no helmet)
rElec    .         Reflect  .   (no cloak)
rCorr    .         Harm     .   (no gloves)
MR       .....                  (no boots)
Stlth    ..........             (no amulet)
HPRegen  0.13/turn              (no ring)
MPRegen  0.10/turn              (no ring)

@: no status effects
A: small, carnivore
a: no special abilities


You were on level 5 of the Dungeon.
You were very full.

You visited 1 branch of the dungeon, and saw 4 of its levels.

You collected 84 gold pieces.

Inventory:

Hand Weapons
 a - a +0 rapier
 h - a +0 short sword of freezing (weapon)
Armour
 b - a +0 scale mail (worn)
 c - a +0 shield (worn)
Scrolls
 e - 3 scrolls of identify
 i - a scroll of random uselessness
 j - a scroll of amnesia {unknown}
 k - a scroll of magic mapping {unknown}
 n - a scroll of remove curse {unknown}
Potions
 d - a potion of curing
Comestibles
 f - 5 rations


   Skills:
 + Level 4.5 Fighting
 + Level 4.4 Short Blades
 + Level 3.2 Armour
 + Level 2.9 Dodging
 - Level 2.4 Shields


You had 5 spell levels left.
You didn't know any spells.
Your spell library was empty.

Dungeon Overview and Level Annotations

Branches:
Dungeon (3/15)

Altars:
Cheibriados
Fedhas

Annotations:
D:5 Pikel, Sigmund


Innate Abilities, Weirdness & Mutations

You are small and have problems with some larger weapons.
You are carnivorous and can eat meat at any time.


Message History

The slave hits you.
You closely miss the slave.
The slave is lightly wounded.
You block the slave's attack.
You closely miss the slave. You hit something but do no damage.
You closely miss something. Something hits you but does no damage.
You miss something. Something hits you but does no damage.
You hit something. You freeze something. You block something's attack.
You closely miss something. Something hits you. Something freezes you.
You barely miss something. Something hits you.
* * * LOW HITPOINT WARNING * * *
Something freezes you.
* * * LOW HITPOINT WARNING * * *
You closely miss something. Something hits you.
* * * LOW HITPOINT WARNING * * *
Something freezes you.
* * * LOW HITPOINT WARNING * * *
You hit something but do no damage. Something hits you.
You die... ........@ ........ ...... #....## #.O... #{ph# #ppp#

##{## ####### #@#
#.....## #.#
#......###.#
#..........#
#......###.###########
#......# #.##........#
#.##...# #.##.######.#
#......# #.#...# #.#
#......# #...#.# #.#


You could see an ogre, 4 slaves and a hound.

Vanquished Creatures
  A crimson imp (D:5)
  An orc priest (D:2)
  3 adders (D:2)
  An ooze (D:1)
  2 worms
  4 dart slugs
  13 orcs
  A ball python (D:3)
  4 giant cockroaches
  5 goblins
  8 hobgoblins
  4 jackals (D:1)
  3 quokkas
  4 bats
  5 frilled lizards
  12 kobolds
  6 rats
77 creatures vanquished.

Notes
Turn   | Place    | Note
-------+----------+-------------------------------------------
     0 | D:1      | Borgoz the Kobold Fighter began the quest for the Orb.
     0 | D:1      | Reached XP level 1. HP: 14/14 MP: 1/1
    87 | D:1      | Reached XP level 2. HP: 18/19 MP: 2/2
   113 | D:1      | Reached skill level 1 in Dodging
   300 | D:1      | Reached XP level 3. HP: 15/23 MP: 3/3
   571 | D:2      | Reached XP level 4. HP: 14/29 MP: 4/4
   706 | D:2      | Reached XP level 5. HP: 5/33 MP: 5/5
  1177 | D:2      | Found a blossoming altar of Fedhas.
  1625 | D:3      | Found a snail-covered altar of Cheibriados.
  1988 | D:3      | Noticed a crocodile
  2079 | D:3      | You fall through a shaft for 2 floors!
  2079 | D:5      | Entered Level 5 of the Dungeon
  2367 | D:5      | Noticed an ogre
  2373 | D:5      | Noticed Sigmund
  2378 | D:5      | Noticed a centaur
  2453 | D:5      | Reached XP level 6. HP: 36/39 MP: 6/6
  2478 | D:5      | Noticed a slave
  2478 | D:5      | Noticed a slave
  2479 | D:5      | Noticed a slave
  2481 | D:5      | Noticed a slave
  2481 | D:5      | Noticed Pikel
  2499 | D:5      | Slain by Pikel

Skill      XL: |  1  2  3  4  5 |
---------------+----------------+-----
Short Blades   | 3 4 |  4.4
Dodging        | 1 2 |  2.9
Fighting       | 4 |  4.5
Armour         | 3 |  3.2
Shields        | |  2.4

Action                   |  1- 3 |  4- 6 || total
-------------------------+-------+-------++-------
Melee: Rapier            |   112 |    11 ||   123
       Short sword       |       |   249 ||   249
Throw: Throwing net      |       |     1 ||     1
  Use: Potion            |     3 |     5 ||     8
       Scroll            |       |     3 ||     3
  Eat: Chunk             |     7 |     6 ||    13
Armor: Scale mail        |    32 |    62 ||    94
Dodge: Dodged            |    38 |    88 ||   126
Block: Shield            |    51 |   108 ||   159
